 Dungeon Crawl Stone Soup version 0.28.0-43-g3370ac3207 (webtiles) character file.

Game seed: 8110291492429007558

502 Kaptain the Digger (level 7, 0/41 HPs)
             Began as a Gargoyle Earth Elementalist on Mar 17, 2022.
             Slain by an iguana (10 damage)
             ... on level 4 of the Dungeon.
             The game lasted 00:08:12 (3645 turns).

Kaptain the Digger (Gargoyle Earth Elementalist)    Turns: 3645, Time: 00:08:14

Health: 0/41       AC: 16    Str: 12    XL:     7   Next: 17%
Magic:  7/12       EV: 12    Int: 17    God:
Gold:   257        SH:  0    Dex: 19    Spells: 6/13 levels left

rFire   x . .      SeeInvis .   x - +0 quarterstaff
rCold   . . .      Faith    .   (shield currently unavailable)
rNeg    + . .      Spirit   .   r - +0 leather armour
rPois   ∞          Reflect  .   l - +0 helmet
rElec   +          Harm     .   (no cloak)
rCorr   .          Rampage  .   a - +1 pair of gloves
Will    +....                   b - +4 pair of boots "Wacocos" {rF- Will+ Dex+9 Stlth+}
Stlth   +++.......              (no amulet)
HPRegen 0.13/turn               (no ring)
MPRegen 0.13/turn               (no ring)

@: no status effects
A: sickness immunity, AC +4, negative energy resistance 1, electricity
resistance, torment resistance 1, petrification resistance
a: no special abilities


You were on level 4 of the Dungeon.
You visited 1 branch of the dungeon, and saw 5 of its levels.

You collected 257 gold pieces.

Inventory:

Hand Weapons
 d - a +0 mace
 m - a +0 war axe
 x - a +0 quarterstaff (weapon)
Missiles
 c - 23 stones (quivered)
 p - 2 poisoned darts
Armour
 a - a +1 pair of gloves (worn)
 b - the +4 pair of boots "Wacocos" (worn) {rF- Will+ Dex+9 Stlth+}
   (You acquired it on level 3 of the Dungeon)

   Dex:       It affects your dexterity (+9).
   rF:        It makes you vulnerable to fire.
   Will:      It increases your willpower.
   Stlth:     It makes you more stealthy.
 j - the +5 scale mail "Valiaz" {Rampage rC+}
   (You found it on level 2 of the Dungeon)

   rC:        It protects you from cold.
   Rampage:   It bestows one free step when moving towards enemies.
 l - a +0 helmet (worn)
 r - a +0 leather armour (worn)
Magical Staves
 k - a staff of earth
Wands
 v - a wand of paralysis (6)
Scrolls
 h - a scroll of vulnerability
 i - a scroll of teleportation
 n - a scroll of summoning {unknown}
 o - a scroll of fog {unknown}
 q - 3 scrolls of fear {unknown}
 t - a scroll of magic mapping {unknown}
 u - 2 scrolls of identify {unknown}
 w - a scroll of amnesia {unknown}
Potions
 e - a potion of mutation {unknown}
 f - a potion of curing {unknown}
 g - 2 potions of flight {unknown}
 s - a potion of resistance {unknown}


   Skills:
 * Level 3.2 Fighting
 + Level 2.0 Armour
 + Level 2.3 Dodging
 + Level 3.0 Stealth
 * Level 3.5 Spellcasting
 * Level 3.1 Conjurations
 - Level 0.7 Transmutations
 * Level 5.2 Earth Magic


You had 6 spell levels left.
You knew the following spells:

 Your Spells              Type           Power      Damage    Failure   Level
a - Sandblast             Erth           40%        2d10      2%          1
b - Stone Arrow           Conj/Erth      34%        3d9       12%         3
c - Mephitic Cloud        Conj/Pois/Air  6%         N/A       38%         3

Your spell library contained the following spells:

 Spells                   Type           Power      Damage    Failure   Level
 Magic Dart               Conj           52%        1d5       6%          1
 Passwall                 Tmut/Erth      10%        N/A       10%         2
 Call Imp                 Summ           2%         N/A       32%         2
 Corpse Rot               Necr/Air       4%         N/A       32%         2
 Poisonous Vapours        Pois/Air       4%         N/A       32%         2
 Petrify                  Tmut/Erth      13%        N/A       52%         4


Dungeon Overview and Level Annotations

Branches:
Dungeon (5/15)             Temple (0/1) D:4

Altars:
Ru
Wu Jian


Innate Abilities, Weirdness & Mutations

You are immune to sickness and miasma.
Your stone body is resilient. (AC +4)
You are immune to poison.
You resist negative energy. (rN+)
You are resistant to electric shocks. (rElec)
You are resistant to unholy torment.
You are immune to petrification.


Message History

Aim: an iguana (83% to hit)
The blast of sand hits the iguana.
The iguana is lightly wounded.
c - 26 stones The iguana misses you.
Casting: Sandblast (safe; 2% risk of failure)
Confirm with . or Enter, or press ? or * to list all spells.
Aiming: Sandblast (safe; 2% risk of failure)
Press: ? - help, Shift-Dir - straight line, f/p - iguana
Aim: an iguana (lightly wounded, 83% to hit)
The blast of sand hits the iguana!
The iguana is severely wounded.
c - 25 stones The iguana bites you!
There is a stone staircase leading up here.
The iguana bites you!
* * * LOW HITPOINT WARNING * * *
You climb upwards.
Your magical contamination has completely faded away.
There is a stone staircase leading down here.
Unknown command.
Casting: Sandblast (safe; 2% risk of failure)
Confirm with . or Enter, or press ? or * to list all spells.
Aiming: Sandblast (safe; 2% risk of failure)
Press: ? - help, Shift-Dir - straight line, f - iguana
Aim: an iguana (severely wounded, 83% to hit)
The blast of sand hits the iguana.
The iguana is almost dead.
c - 24 stones The iguana bites you but does no damage.
Casting: Sandblast (safe; 2% risk of failure)
Confirm with . or Enter, or press ? or * to list all spells.
Aiming: Sandblast (safe; 2% risk of failure)
Press: ? - help, Shift-Dir - straight line, f/p - iguana
Aim: an iguana (almost dead, 83% to hit)
The blast of sand hits the iguana but does no damage.
The iguana is almost dead.
c - 23 stones The iguana bites you!
You die...

###............##......>.........
.#####............#...).....####<
..## #..^.........#..⌠...⌠..####.
...# ###....#####.............##.
...###...##..# ###.........#....
...##..#####.# ##.##.##.####..
......### #.# #.....##.#.##..
......).####.# ####....#####..#..
...####......###@.##...##.<##....
..## ######...#l..#...#...#.....
..# #....##..#...#'.##..... #.##
#..[..###.....###..#... #..#
#...............[...... ##.#
###(........†8........##. ##.###
##...)....................
8...8###..#.....###.....###.#####
......##.####..##.'#...#'.#######


You could see an iguana.

Vanquished Creatures
  A necrophage (D:4)
  A scorpion (D:4)
  An orc priest (D:3)
  2 hounds (D:4)
  Ijyb (D:4)
  A hound skeleton (D:4)
  A howler monkey zombie (D:4)
  7 adders
  3 gnolls (D:3)
  A white imp (D:5)
  5 worms
  2 dart slugs
  9 orcs
  6 endoplasms
  4 giant cockroaches
  12 hobgoblins
  7 jackals
  2 quokkas
  5 ball pythons
  6 bats
  2 frilled lizards
  9 goblins
  8 kobolds
  5 rats
101 creatures vanquished.

Vanquished Creatures (others)
  6 fungi (D:3)
  4 toadstools (D:3)
10 creatures vanquished.

Grand Total: 111 creatures vanquished

Notes
Turn   | Place    | Note
-------+----------+-------------------------------------------
     0 | D:1      | Kaptain the Gargoyle Earth Elementalist began the quest for
                  | the Orb.
     0 | D:1      | Reached XP level 1. HP: 10/10 MP: 3/3
   120 | D:1      | Reached XP level 2. HP: 15/16 MP: 0/5
   267 | D:1      | Reached skill level 4 in Earth Magic
   382 | D:1      | Reached XP level 3. HP: 20/20 MP: 2/6
   616 | D:1      | Reached skill level 1 in Fighting
   681 | D:1      | Reached skill level 1 in Conjurations
   891 | D:2      | Identified the +5 scale mail "Valiaz" {Rampage rC+}
  1136 | D:2      | Reached XP level 4. HP: 23/25 MP: 7/7
  1161 | D:2      | Found a sacrificial altar of Ru.
  1690 | D:3      | Found a faded altar of an unknown god.
  1705 | D:3      | Reached skill level 1 in Armour
  1705 | D:3      | Reached XP level 5. HP: 5/30 MP: 0/9
  2076 | D:3      | Identified a scroll of acquirement
  2076 | D:3      | Acquired the +4 pair of boots "Wacocos" {rF- Will+ Dex+9
                  | Stlth+}
  2658 | D:4      | Noticed a necrophage
  2705 | D:4      | Reached XP level 6. HP: 36/36 MP: 7/10
  2712 | D:4      | Learned a level 3 spell: Stone Arrow
  2716 | D:4      | Learned a level 3 spell: Mephitic Cloud
  2961 | D:4      | Found an ornate altar of the Wu Jian Council.
  3001 | D:4      | Found a staircase to the Ecumenical Temple.
  3010 | D:4      | Reached skill level 5 in Earth Magic
  3015 | D:4      | Killed a necrophage
  3016 | D:4      | Reached XP level 7. HP: 41/41 MP: 1/12
  3210 | D:4      | Noticed Ijyb
  3218 | D:4      | Killed Ijyb
  3611 | D:5      | Entered Level 5 of the Dungeon
  3645 | D:4      | Slain by an iguana

Illustrated notes

Levels and vault maps discovered:
D:1:      kennysheep_arrival_forest, layout_basic
D:2:      layout_rooms, basic_altar, st_stairs_13
D:3:      layout_basic, shapermc_ecumenical_altar_starsandcircs,
          minmay_gold_behind_fungi, minmay_close_crescents
D:4:      layout_rooms, nzn_wu_jian_council_hall,
          minmay_temple_entry_large_hall, grunt_ministairs_6, uniq_ijyb
D:5:      layout_cave_pods, hangedman_decor_opposing

Skill      XL: |  1  2  3  4  5  6  7 |
---------------+----------------------+-----
Earth Magic    | 4 5 |  5.2
Fighting       | 1 2 3 |  3.2
Conjurations   | 1 2 3 |  3.1
Armour         | 1 2 |  2.0
Dodging        | 2 |  2.3
Spellcasting   | 3 |  3.5
Stealth        | 3 |  3.0
Transmutations | |  0.7

Action                   |  1- 3 |  4- 6 |  7- 9 || total
-------------------------+-------+-------+-------++-------
Melee: Mace              |    25 |       |       ||    25
       War axe           |    13 |    85 |    10 ||   108
       Punch             |       |     1 |       ||     1
       Quarterstaff      |       |       |     1 ||     1
 Cast: Sandblast         |    38 |    62 |    21 ||   121
  Use: Scroll            |       |     4 |       ||     4
 Stab: Sleeping          |     1 |     2 |       ||     3
Armor: Robe              |    24 |    25 |       ||    49
       Leather armour    |       |    51 |     7 ||    58
Dodge: Dodged            |    49 |    83 |    13 ||   145
